 Dungeon Crawl Stone Soup version 0.25.1-2-g60ff931df9 (webtiles) character file.

Game seed: 4765231489994010322

93 Johnny the Digger (level 4, 0/33 HPs)
             Began as a Demigod Earth Elementalist on Oct 22, 2020.
             Succumbed to a worker ant's poison
             ... on level 3 of the Dungeon.
             The game lasted 00:01:36 (1748 turns).

Johnny the Digger (Demigod Earth Elementalist)      Turns: 1748, Time: 00:01:37

Health: 0/33       AC:  2    Str: 11    XL:     4   Next: 14%
Magic:  3/10       EV: 12    Int: 21    God:
Gold:   97         SH:  0    Dex: 16    Spells: 7/8 levels left

rFire    . . .     SeeInvis .   h - +2 dagger (protect)
rCold    . . .     Gourm    .   (no shield)
rNeg     . . .     Faith    .   c - +0 robe
rPois    .         Spirit   .   (no helmet)
rElec    .         Reflect  .   (no cloak)
rCorr    .         Harm     .   (no gloves)
MR       .....                  (no boots)
Stlth    +++.......             (no amulet)
HPRegen  0.11/turn              f - ring of stealth
MPRegen  0.12/turn              (no ring)

@: lethally poisoned (0 -> -14), hasted, very quick
A: high mp 1
a: no special abilities


You were on level 3 of the Dungeon.
You were not hungry.

You visited 1 branch of the dungeon, and saw 3 of its levels.

You collected 97 gold pieces.

Inventory:

Hand Weapons
 a - a +0 dagger
 h - a +2 dagger of protection (weapon)
Missiles
 b - 36 stones (quivered)
Armour
 c - a +0 robe (worn)
Jewellery
 f - a ring of stealth (left hand)
Scrolls
 e - a scroll of blinking {unknown}
 g - a scroll of teleportation {unknown}
 i - a scroll of fog {unknown}
 k - a scroll of random uselessness {unknown}
Comestibles
 d - 3 rations
 l - 2 chunks of flesh


   Skills:
 - Level 1.7 Dodging
 - Level 1.7 Stealth
 + Level 2.6 Spellcasting
   Level 0.8 Transmutations
 * Level 4.2 Earth Magic


You had 7 spell levels left.
You knew the following spells:

 Your Spells              Type           Power        Failure   Level  Hunger
a - Sandblast             Erth           ###...       2%          1    None

Your spell library contained the following spells:

 Spells                   Type           Power        Failure   Level  Hunger
 Passwall                 Tmut/Erth      ##......     8%          2    ##.....
 Stone Arrow              Conj/Erth      ##....       17%         3    ###....
 Petrify                  Tmut/Erth      ##......     43%         4    ####...
 Lee's Rapid Deconstruct  Erth           ###.......   56%         5    ######.


Dungeon Overview and Level Annotations

Branches:
Dungeon (3/15)

Annotations:
D:2 Sigmund


Innate Abilities, Weirdness & Mutations

You have an increased reservoir of magic. (+10% MP)


Message History

Aim: a worker ant (almost dead)
The blast of sand hits the worker ant.
You kill the worker ant!
You have reached level 4!
b - 36 stones
* * * LOW HITPOINT WARNING * * *
You feel sick.
It was a potion of haste.
You feel yourself speed up.
* * * LOW HITPOINT WARNING * * *
You feel sick.
* * * LOW HITPOINT WARNING * * *
You feel sick.
You see here a +0 club.
* * * LOW HITPOINT WARNING * * *
You feel sick.
* * * LOW HITPOINT WARNING * * *
You feel sick.
Things that are here:
a +0 club; 2 stones; a kobold corpse You die...

.. .# # .# 8. .#
_.. .# ..8. ###
+#.#'...
##.#####...#####
#....).)@⌠......
#..#####...#####
#.## +#.#+ #.#
.# #÷# .# #.# .#
#.# #.## #.###
...# #...####..#


There were no monsters in sight!

Vanquished Creatures
  A worker ant (D:3)
  2 adders
  A worm (D:2)
  A dart slug (D:2)
  A leopard gecko (D:1)
  4 giant cockroaches
  6 goblins
  6 hobgoblins
  3 jackals (D:1)
  10 kobolds
  4 bats
  A frilled lizard (D:2)
  2 rats (D:1)
42 creatures vanquished.

Notes
Turn   | Place    | Note
-------+----------+-------------------------------------------
     0 | D:1      | Johnny the Demigod Earth Elementalist began the quest for
                  | the Orb.
     0 | D:1      | Reached XP level 1. HP: 14/14 MP: 5/5
   178 | D:1      | Reached skill level 3 in Earth Magic
   224 | D:1      | Reached XP level 2. HP: 5/20 MP: 4/7
   977 | D:1      | Reached XP level 3. HP: 26/26 MP: 9/9
  1622 | D:2      | Noticed Sigmund
  1729 | D:3      | Reached skill level 4 in Earth Magic
  1743 | D:3      | Reached XP level 4. HP: 6/33 MP: 2/10
  1746 | D:3      | HP: 1/33 [poisoned by a worker ant]
  1748 | D:3      | Found an iron altar of Okawaru.
  1748 | D:3      | Succumbed to a worker ant's poison

Illustrated notes

Levels and vault maps discovered:
D:1:      dpeg_arrival_line_fractal, layout_basic, grunt_decor_cap
D:2:      layout_rooms, nicolae_overflow_crystal_walls, first_ration,
          minmay_circle_x, uniq_natasha, uniq_sigmund, uniq_jessica
D:3:      layout_loops_ring, grunt_temple_overflow_cloverleaf,
          portal_sewer_entry_b, gammafunk_ghost_split

Skill      XL: |  1  2  3 |
---------------+----------+-----
Earth Magic    | 3 4 |  4.2
Spellcasting   | 2 |  2.6
Dodging        | |  1.7
Stealth        | |  1.7
Transmutations | |  0.8

Action                   |  1- 3 |  4- 6 || total
-------------------------+-------+-------++-------
Melee: Dagger            |    77 |       ||    77
 Cast: Sandblast         |    30 |     1 ||    31
  Use: Potion            |       |     1 ||     1
 Stab: Sleeping          |     8 |       ||     8
       Distracted        |     1 |       ||     1
  Eat: Chunk             |     3 |       ||     3
Armor: Robe              |    10 |       ||    10
Dodge: Dodged            |    60 |       ||    60
